 Dungeon Crawl Stone Soup version 0.20.1-1-g8b1a95d (webtiles) character file.

193 polve the Changer (level 5, 0/40 HPs)
             Began as a Draconian Transmuter on Aug 4, 2017.
             Succumbed to a worker ant's poison
             ... on level 4 of the Dungeon.
             The game lasted 00:06:37 (4569 turns).

polve the Changer (Draconian Transmuter)            Turns: 4569, Time: 00:06:38

Health: 0/40       AC:  5    Str: 11 (12) XL:     5   Next: 44%
Magic:  6/8        EV: 12    Int: 14 (15) God:
Gold:   163        SH:  0    Dex:  8 (11) Spells: 2/8 levels left

rFire    . . .     SeeInvis .     - Unarmed
rCold    . . .     Gourm    .   (no shield)
rNeg     . . .     Faith    .   (armour unavailable)
rPois    .         Spirit   .   (helmet restricted)
rElec    .         Reflect  .   (no cloak)
rCorr    .         Harm     .   (no gloves)
MR       .....                  (no boots)
Stlth    +.........             (no amulet)
Regen    0.2/turn               (no ring)
MPRegen  0.2/turn               (no ring)

@: lethally poisoned (0 -> -11), very slightly contaminated
A: unfitting armour, cold-blooded, AC +5
a: no special abilities


You were on level 4 of the Dungeon.
You were not hungry.

You visited 1 branch of the dungeon, and saw 4 of its levels.

You collected 163 gold pieces.

Inventory:

Missiles
 a - 22 arrows (quivered)
Jewellery
 i - an uncursed amulet of faith
 o - a +3 ring of evasion {unknown}
Wands
 d - a wand of lightning (15/15)
Scrolls
 g - 4 scrolls of identify
 j - 2 scrolls of remove curse
 k - a scroll of amnesia
Books
 b - a book of Changes

   Spells                             Type                      Level
   a - Beastly Appendage              Transmutation                1
   b - Sticks to Snakes               Transmutation                2
   c - Spider Form                    Transmutation/Poison         3
   d - Ice Form                       Ice/Transmutation            4
   e - Blade Hands                    Transmutation                5
 h - a book of Minor Magic

   Spells                             Type                      Level
   a - Magic Dart                     Conjuration                  1
   b - Blink                          Translocation                2
   c - Call Imp                       Summoning                    2
   d - Slow                           Hexes                        2
   e - Conjure Flame                  Conjuration/Fire             3
   f - Mephitic Cloud                 Conjuration/Poison/Air       3
Comestibles
 c - 2 bread rations


   Skills:
 - Level 1.1 Fighting
 - Level 1.7 Dodging
 - Level 3.0 Unarmed Combat
 - Level 2.0 Spellcasting
 + Level 5.7 Transmutations


You had 2 spell levels left.
You knew the following spells:

 Your Spells              Type           Power        Failure   Level  Hunger
a - Beastly Appendage     Tmut           ###...       2%          1    ##.....
b - Sticks to Snakes      Tmut           ###.....     3%          2    ###....
c - Spider Form           Tmut/Pois      #.........   22%         3    ####...


Dungeon Overview and Level Annotations

Branches:
Dungeon (4/15)
 Temple: D:4-7

Altars:


Innate Abilities, Weirdness & Mutations

Your plain brown scales are hard. (AC +5)
You cannot fit into any form of body armour.
You are cold-blooded and may be slowed by cold attacks.


Message History

As you read the scroll labeled GALESU RICSANG, it crumbles to dust.
It is a scroll of enchant weapon.
You aren't carrying any weapons that can be enchanted.
* * * LOW HITPOINT WARNING * * *
You feel sick.
As you read the scroll labeled KAIVUCLOYJE, it crumbles to dust.
It is a scroll of recharging.
Charge which item? (? for menu, Esc to quit)
Your wand of lightning (?/15) glows for a moment.
* * * LOW HITPOINT WARNING * * *
You feel sick.
As you read the scroll labeled TUADGH ZUTA, it crumbles to dust.
The scroll dissolves into smoke.
It was a scroll of fog.
* * * LOW HITPOINT WARNING * * *
You feel sick.
As you read the scroll labeled DEYCUU LIGH, it crumbles to dust.
The air around you briefly surges with heat, but it dissipates.
It was a scroll of immolation.
Your horns disappear.
You die...

##...#
#.....#
...<... #
....... $#
..>.... .#
....[.. ..
.......####§#
.......§§@§§#
.......######
#.....#
#....# .....
.#.# #. #


There were no monsters in sight!

Vanquished Creatures
  An orc priest (D:3)
  A worker ant (D:4)
  3 adders
  2 dart slugs (D:1)
  3 worms (D:3)
  7 orcs
  4 giant cockroaches
  10 goblins
  8 hobgoblins
  7 jackals
  2 quokkas
  2 ball pythons (D:1)
  7 bats
  5 frilled lizards
  6 kobolds
  11 rats
79 creatures vanquished.

Vanquished Creatures (collateral kills)
  2 adders
2 creatures vanquished.

Grand Total: 81 creatures vanquished

Notes
Turn   | Place    | Note
-------+----------+-------------------------------------------
     0 | D:1      | polve the Draconian Transmuter began the quest for the Orb.
     0 | D:1      | Reached XP level 1. HP: 16/16 MP: 3/3
   217 | D:1      | Reached XP level 2. HP: 14/23 MP: 5/5
   225 | D:1      | Learned a level 2 spell: Sticks to Snakes
   412 | D:1      | Reached skill level 3 in Transmutations
  1043 | D:1      | Reached XP level 3. HP: 23/28 MP: 6/6
  1709 | D:2      | Reached skill level 4 in Transmutations
  1876 | D:2      | HP: 1/28 [poisoned by an adder]
  2745 | D:3      | Reached XP level 4. HP: 35/35 MP: 5/7
  3523 | D:3      | Reached skill level 5 in Transmutations
  3528 | D:3      | Learned a level 3 spell: Spider Form
  4334 | D:3      | Reached XP level 5. HP: 31/40 MP: 8/8
  4567 | D:4      | HP: 2/40 [poisoned by a worker ant]
  4569 | D:4      | Succumbed to a worker ant's poison

Skill      XL: |  1  2  3  4 |
---------------+-------------+-----
Transmutations | 3 4 5 |  5.7
Fighting       | |  1.1
Dodging        | |  1.7
Unarmed Combat | |  3.0
Spellcasting   | |  2.0

Action                   |  1- 3 |  4- 6 || total
-------------------------+-------+-------++-------
Melee: Unarmed           |   191 |   197 ||   388
       Tailslap          |    11 |    24 ||    35
       Headbutt          |     1 |     5 ||     6
       Punch             |     1 |       ||     1
       Kick              |       |     5 ||     5
 Cast: Beastly Appendage |     5 |    10 ||    15
       Sticks to Snakes  |       |     4 ||     4
  Use: Potion            |       |     4 ||     4
       Scroll            |       |     6 ||     6
 Stab: Distracted        |     1 |       ||     1
  Eat: Chunk             |     3 |     1 ||     4
       Bread ration      |     1 |       ||     1
       Meat ration       |       |     1 ||     1
Armor: Skin              |    60 |    54 ||   114
Dodge: Dodged            |   112 |   121 ||   233
